 Dungeon Crawl Stone Soup version 0.19-a0-1821-g42c593c (console) character file.

499 brucemayne the Cleaver (level 7, -6/57 HPs)
             Began as a Hill Orc Monk on Oct 6, 2016.
             Was a Believer of Trog.
             Shot with an arrow by a centaur (15 damage)
             ... on level 5 of the Dungeon.
             The game lasted 00:06:35 (1083 turns).

brucemayne the Cleaver (Hill Orc Monk)              Turns: 1083, Time: 00:06:35

Health: -6/57      AC:  3    Str: 12    XL:     7   Next: 16%
Magic:  7/7        EV: 12    Int: 19    God:    Trog [**....]
Gold:   136        SH:  0    Dex: 18    Spells: 0 memorised, 6 levels left

rFire  . . .     SeeInvis .     l - +6 mace {venom, Str-4 Int+9 Dex+5}
rCold  . . .     Gourm    .     o - +0 leather armour
rNeg   . . .     Faith    .     (no shield)
rPois  .         Spirit   .     (no helmet)
rElec  .         Dismiss  .     (no cloak)
rCorr  .         Reflect  .     (no gloves)
MR     ++...     Harm     .     (no boots)
Stlth  ++........               (no amulet)
                                (no ring)
                                (no ring)

@: regenerating
A: no striking features
a: Berserk, Trog's Hand, Burn Spellbooks, Renounce Religion


You were on level 5 of the Dungeon.
You worshipped Trog.
Trog was pleased with you.
You were not hungry.

You visited 2 branches of the dungeon, and saw 7 of its levels.

You collected 136 gold pieces.

Inventory:

Hand Weapons
 a - a +1 hand axe
 h - a +0 flail
 l - the +6 mace of Terra Cotta (weapon) {venom, Str-4 Int+9 Dex+5}
   (You found it on level 4 of the Dungeon)

   It poisons the flesh of those it strikes.
   It affects your strength (-4).
   It affects your intelligence (+9).
   It affects your dexterity (+5).
 p - a +2 antimagic mace
Missiles
 t - 7 needles of frenzy
Armour
 b - a +0 robe
 o - a +0 leather armour (worn)
Scrolls
 f - a scroll of enchant weapon
 g - 3 scrolls of identify {unknown}
 r - a scroll of remove curse {unknown}
Potions
 d - a potion of cancellation {unknown}
 e - a potion of resistance {unknown}
 i - a potion of mutation {unknown}
 k - a potion of might {unknown}
 n - a potion of berserk rage {unknown}
 s - 2 potions of curing {unknown}
Comestibles
 c - a bread ration
 j - 2 meat rations
 m - a beef jerky
 q - 10 chunks of flesh


   Skills:
 - Level 3.6 Fighting
 + Level 10.3 Axes
 - Level 2.4 Dodging
 - Level 1.5 Stealth


You had 6 spell levels left.
You didn't know any spells.

Dungeon Overview and Level Annotations

Branches:
Dungeon (6/15)             Temple (1/1) D:4

Altars:
Cheibriados
Dithmenos
Elyvilon
Fedhas
Hepliaklqana
Nemelex Xobeh
Okawaru
Ru
Trog
Uskayaw

Annotations:
D:3 Rationalist's ghost, amateur MiGl


Message History

There is a collapsed entrance here.
You enter the shallow water.
Moving in this stuff is going to be slow.
A centaur comes into view.
The centaur shouts!
The centaur wields a shortbow.
The centaur shoots an arrow.
The arrow hits you!
The centaur shoots an arrow.
The arrow hits you!
* * * LOW HITPOINT WARNING * * *
You see here 2 arrows.
Unknown command.
You enter the shallow water.
Moving in this stuff is going to be slow.
Okay, then.
Your skin crawls.
You feel resistant to hostile enchantments.
You feel somewhat more hungry.
The centaur shoots an arrow.
The arrow hits you!
* * * LOW HITPOINT WARNING * * *
Unknown command.
The centaur shoots an arrow.
The arrow hits you!
You die...

...............
............>...
........<.......
................
...c............
................
................
................
?....#@..#.....
.....#≈≈≈#..... #≈≈≈#
#≈≈≈# #.......#≈≈≈#
#.......#≈.≈#
#.......#≈≈≈#
#.......#≈≈≈#..........#
#.......#≈≈≈#..........#


You could see a centaur.

Vanquished Creatures
  2 ogres (D:5)
  A crimson imp (D:4)
  2 centaur zombies (D:5)
  2 orc priests (D:5)
  A hound (D:5)
  A worker ant (D:4)
  3 orc wizards
  An adder (D:5)
  2 dart slugs
  A leopard gecko (D:5)
  8 orcs
  6 giant cockroaches
  A hobgoblin (D:2)
  A ball python (D:5)
  A frilled lizard (D:4)
  3 kobolds (D:1)
36 creatures vanquished.

Notes
Turn   | Place    | Note
-------+----------+-------------------------------------------
     0 | D:1      | brucemayne the Hill Orc Monk began the quest for the Orb.
     0 | D:1      | Reached XP level 1. HP: 19/19 MP: 1/1
    96 | D:3      | Noticed Rationalist's ghost (amateur MiGl)
   107 | D:4      | Reached XP level 2. HP: 21/26 MP: 2/2
   166 | D:5      | Entered Level 5 of the Dungeon
   230 | D:4      | Found a staircase to the Ecumenical Temple.
   244 | Temple   | Entered the Ecumenical Temple
   298 | Temple   | Became a worshipper of Trog the Wrathful
   298 | Temple   | Reached * piety under Trog
   298 | Temple   | Reached ** piety under Trog
   358 | D:4      | Got an ancient mace
   466 | D:4      | Reached skill level 5 in Axes
   466 | D:4      | Reached XP level 3. HP: 31/31 MP: 3/3
   484 | D:4      | Identified the +6 mace of Terra Cotta {venom, Str-4 Int+9 Dex+5} (You found it on level 4 of the Dungeon)
   542 | D:4      | Reached skill level 6 in Axes
   542 | D:4      | Reached XP level 4. HP: 23/39 MP: 4/4
   622 | D:4      | Reached skill level 7 in Axes
   694 | D:5      | Reached XP level 5. HP: 24/45 MP: 5/5
   715 | D:5      | Reached skill level 8 in Axes
   787 | D:5      | Noticed an ogre
   797 | D:5      | Killed an ogre
   797 | D:5      | Reached XP level 6. HP: 32/51 MP: 6/6
   851 | D:5      | Reached skill level 9 in Axes
   897 | D:5      | Reached skill level 10 in Axes
   897 | D:5      | Reached XP level 7. HP: 11/57 MP: 7/7
  1083 | D:5      | Shot with an arrow by a centaur

Vault maps used:
D:1:      grunt_arrival_lava_bath
D:2:      st_stairs_3, uniq_iyjb
D:3:      kennysheep_goblin_castle, lemuel_zombie_altar_kikubaaqudgha,
          uniq_terence, uniq_grinder, uniq_natasha, uniq_jessica
D:5:      kennysheep_mini_moat, first_bread, portal_sewer_entry_f, nrook_uturn
D:6:      nicolae_overflow_hidden_temple, led_sif_book, uniq_eustachio,
          uniq_edmund, uniq_sigmund
Temple:   jpeg_temple_alley_garden

Skill      XL: |  1  2  3  4  5  6 |
---------------+-------------------+-----
Axes           | 5 6 7 8 10 | 10.3
Fighting       | |  3.6
Dodging        | |  2.4
Stealth        | |  1.5

Action                   |  1- 3 |  4- 6 |  7- 9 || total
-------------------------+-------+-------+-------++-------
Melee: Hand axe          |    17 |       |       ||    17
       Mace              |    21 |    43 |    16 ||    80
Invok: Berserk           |     1 |     2 |       ||     3
       Trog's Hand       |       |     3 |     1 ||     4
  Use: Scroll            |     2 |       |       ||     2
  Eat: Chunk             |       |     3 |     2 ||     5
Armor: Robe              |     7 |     3 |       ||    10
       Leather armour    |       |     3 |     3 ||     6
Dodge: Dodged            |    18 |    19 |     9 ||    46
